 Dungeon Crawl Stone Soup version 0.17-a0-1485-g22cb0ee (webtiles) character file.

324 emikaela the Insei (level 6, -9/43 HPs)
             Began as an Octopode Wanderer on July 5, 2015.
             Was an Initiate of Ru.
             Killed from afar by Sigmund (12 damage)
             ... with a puff of flame
             ... on level 4 of the Dungeon.
             The game lasted 00:10:53 (3895 turns).

emikaela the Insei (Octopode Wanderer)              Turns: 3895, Time: 00:10:53

Health: -9/43      AC:  1    Str: 10    XL:     6   Next: 48%
Magic:  7/7        EV: 12    Int: 14    God:    Ru [......]
Gold:   84         SH:  0    Dex: 15    Spells: 0 memorised, 7 levels left

rFire  . . .     SeeInvis .     a - +1 hunting sling
rCold  . . .     Clarity  .     (no shield)
rNeg   . . .     SustAt   .     (helmet restricted)
rPois  .         Gourm    .     (no amulet)
rElec  .         Spirit   .     r - ring of protection from magic
rCorr  .         Warding  .     (no ring)
rMut   .         Stasis   .     (no ring)
MR     +....                    (no ring)
Stlth  +++.......               (no ring)
                                (no ring)
                                (no ring)
                                (no ring)

@: drained, somewhat resistant to hostile enchantments, fairly stealthy
A: almost no armour, amphibious, 8 rings, constrict 8, camouflage 1, gelatinous
body 1
a: Renounce Religion


You were on level 4 of the Dungeon.
You worshipped Ru.
Ru was noncommittal.
You were not hungry.

You visited 1 branch of the dungeon, and saw 4 of its levels.

You collected 84 gold pieces.

Inventory:

Hand weapons
 a - a +1 hunting sling (weapon)
 e - a +0 dagger
Missiles
 g - 38 arrows
 j - 90 stones
 q - 38 sling bullets (quivered)
 u - 10 poisoned needles
 x - 8 needles of slowing
 y - 7 bolts
Jewellery
 r - a ring of protection from magic (left tentacle)
Magical devices
 o - a wand of fire (11)
Scrolls
 h - a scroll of magic mapping {unknown}
 i - a scroll of remove curse {unknown}
 k - a scroll of random uselessness {unknown}
 n - a scroll of immolation
 p - a scroll of enchant armour
 s - a scroll of teleportation
 t - 2 scrolls of enchant weapon
 v - a scroll of fear {unknown}
Potions
 d - 3 potions of curing
 m - a potion of flight
 w - a potion of ambrosia {unknown}
 z - a potion of beneficial mutation {unknown}
 C - 2 potions of agility {unknown}
Comestibles
 b - 2 chunks of flesh
 f - 4 bread rations
 l - a meat ration
 B - a beef jerky


   Skills:
 - Level 4.0(3.8) Fighting
 + Level 1.3(1.1) Dodging
 - Level 2.6(2.5) Stealth
 + Level 6.1(5.9) Unarmed Combat
 - Level 1.0(0.8) Spellcasting
   Level 1.0(0.8) Necromancy
   Level 1.0(0.8) Transmutations


You had 7 spell levels left.
You didn't know any spells.

Dungeon Overview and Level Annotations

Branches:
Dungeon (4/15)
 Temple: D:4-7

Altars:
Elyvilon
Ru

Annotations:
D:4 Sigmund


Innate Abilities, Weirdness & Mutations

You cannot wear most types of armour.
You are amphibious.
You can wear up to eight rings at the same time.
You can use your tentacles to constrict eight enemies at once.
Your skin changes colour to match your surroundings (Stealth).
Your rubbery body absorbs attacks (AC +1).


Message History

You shoot a sling bullet. The rat bites you but does no damage.
The orc hits you but does no damage. Something hits you but does no damage.
The rat bites you but does no damage.
Firing (i - inventory. (,) - cycle):
q - 40 sling bullets (quivered)
Press: ? - help, Shift-Dir - straight line You shoot a sling bullet.
You feel less woody. The orc barely misses you.
You hear some strange, mumbled words.
A puff of flame appears from out of thin air!
The puff of flame hits you!
* * * LOW HITPOINT WARNING * * *
The rat barely misses you. The orc closely misses you.
Firing (i - inventory. (,) - cycle):
q - 39 sling bullets (quivered)
Press: ? - help, Shift-Dir - straight line You shoot a sling bullet.
You hear some strange, mumbled words.
A puff of flame appears from out of thin air!
The puff of flame hits you!
You die...

###.#...
##......##
###........#
##.........<#
#...........#
#.#.........#
...........)#
#......))..##
##...).@).>.#
#......r){.....
#........o%.##. #
.................
..#
...............(
...
.##...........##
###
...............
...
#..........####
##. #


You could see an orc and a rat.

Vanquished Creatures
  A crimson imp (D:3)
  2 orc wizards
  2 orc priests (D:3)
  A hound (D:4)
  6 adders
  A worm (D:2)
  14 orcs
  2 bat skeletons (D:4)
  3 giant cockroaches
  5 hobgoblins
  A quokka (D:3)
  A ball python (D:4)
  7 bats
  5 giant geckos
  3 giant newts
  11 goblins
  A jackal (D:4)
  12 kobolds
78 creatures vanquished.

Vanquished Creatures (others)
  A jackal (D:4)
1 creature vanquished.

Grand Total: 79 creatures vanquished

Notes
Turn   | Place    | Note
--------------------------------------------------------------
     0 | D:1      | emikaela the Octopode Wanderer began the quest for the Orb.
     0 | D:1      | emikaela set off with: a potion of haste, a potion of berserk rage, a potion of lignification, a potion of curing, a +0 dagger, a bread ration
     0 | D:1      | Reached XP level 1. HP: 17/17 MP: 2/2
   672 | D:1      | Reached XP level 2. HP: 20/22 MP: 3/3
  1157 | D:2      | Reached XP level 3. HP: 12/27 MP: 4/4
  1814 | D:2      | Reached XP level 4. HP: 33/33 MP: 5/5
  1866 | D:2      | Found a white marble altar of Elyvilon.
  1873 | D:2      | Found a sacrificial altar of Ru.
  1896 | D:2      | Became a worshipper of Ru the Awakened
  2509 | D:3      | Reached XP level 5. HP: 37/37 MP: 6/6
  2639 | D:3      | Reached skill level 5 in Unarmed Combat
  2952 | D:3      | Reached XP level 6. HP: 15/43 MP: 7/7
  3856 | D:4      | Noticed Sigmund
  3856 | D:4      | Reached skill level 1 in Dodging
  3856 | D:4      | Reached skill level 6 in Unarmed Combat
  3895 | D:4      | Killed from afar by Sigmund

Vault maps used:
D:1:      minmay_arrival_jagged
D:2:      grunt_temple_overflow_open
D:3:      first_bread
D:4:      trog_eyes_of_draining, serial_shops, nicolae_shop_behind_doors,
          uniq_sigmund

Action                   |  1- 3 |  4- 6 || total
-------------------------+-------+-------++-------
Melee: Unarmed           |    74 |    88 ||   162
 Fire: Hunting sling     |     4 |    64 ||    68
Invok: Reject Sacrifices |       |     1 ||     1
  Use: Potion            |     3 |     4 ||     7
       Scroll            |       |     6 ||     6
 Stab: Sleeping          |     2 |     4 ||     6
       Distracted        |       |     1 ||     1
  Eat: Chunk             |     3 |     7 ||    10
